 Dungeon Crawl Stone Soup version 0.22-a0-422-g9628fc87f1 (webtiles) character file.

35 Ikesh the Charmwright (level 3, -1/28 HPs)
             Began as a Merfolk Skald on May 19, 2018.
             Slain by an adder (2 damage)
             ... on level 2 of the Dungeon.
             The game lasted 00:05:02 (1120 turns).

Ikesh the Charmwright (Merfolk Skald)               Turns: 1120, Time: 00:05:03

Health: -1/28      AC:  3    Str: 11    XL:     3   Next: 33%
Magic:  1/6        EV: 12    Int: 12    God:
Gold:   25         SH:  3    Dex: 14    Spells: 1/6 levels left

rFire    . . .     SeeInvis .   a - +0 spear
rCold    . . .     Gourm    .   e - +0 buckler
rNeg     . . .     Faith    .   b - +0 leather armour
rPois    .         Spirit   .   (no helmet)
rElec    .         Reflect  .   (no cloak)
rCorr    .         Harm     .   (no gloves)
MR       .....                  (no boots)
Stlth    +.........             (no amulet)
HPRegen  0.09/turn              (no ring)
MPRegen  0.10/turn              (no ring)

@: lethally poisoned (-1 -> -16), very slightly contaminated
A: change form in water, swift swim, stealthy swim
a: no special abilities


You were on level 2 of the Dungeon.
You were hungry.

You visited 1 branch of the dungeon, and saw 2 of its levels.

You collected 25 gold pieces.

Inventory:

Hand Weapons
 a - a +0 spear (weapon)
Armour
 b - a +0 leather armour (worn)
 e - a +0 buckler (worn)
Scrolls
 c - a scroll of enchant armour {unknown}
Comestibles
 d - 2 rations
 f - a chunk of flesh


   Skills:
 + Level 2.4 Fighting
 + Level 3.5 Polearms
 + Level 1.0 Armour
 + Level 3.0 Dodging
 + Level 0.1 Stealth
 + Level 2.1 Spellcasting
 + Level 3.8 Charms
 + Level 0.1 Translocations


You had one spell level left.
You knew the following spells:

 Your Spells              Type           Power        Failure   Level  Hunger
a - Infusion              Chrm           ##..         12%         1    ##.....
b - Song of Slaying       Chrm           ##......     19%         2    ###....
c - Shroud of Golubria    Chrm/Tloc      #.........   36%         2    ###....

Your spell library contained the following spells:

 Spells                   Type           Power        Failure   Level  Hunger
 Regeneration             Chrm/Necr      #.........   63%         3    ####...
 Spectral Weapon          Hex/Chrm       #.......     63%         3    ####...


Dungeon Overview and Level Annotations

Branches:
Dungeon (2/15)

Altars:


Message History

You hit the adder.
The adder is almost dead.
* * * LOW HITPOINT WARNING * * *
You feel sick. The adder barely misses you.
You hit the adder but do no damage.
The adder is almost dead.
* * * LOW HITPOINT WARNING * * *
You feel sick. The adder closely misses you.
You barely miss the adder.
The adder is almost dead.
* * * LOW HITPOINT WARNING * * *
You feel sick. The adder bites you.
* * * LOW HITPOINT WARNING * * *
You are more poisoned.
The adder poisons you!
You barely miss the adder.
The adder is almost dead.
* * * LOW HITPOINT WARNING * * *
You feel sick. The adder bites you.
You die...

.##........##########
#........# #........#
#........#
#........#####
#<...........#
#............#
#............#
###.@...#....#
.......S..........
######.....#######
........ ..........+
...........#
.............
#####.###+####


You could see an adder.

Vanquished Creatures
  An adder (D:1)
  2 dart slugs (D:1)
  A bat (D:1)
  3 goblins
  3 hobgoblins (D:1)
  4 jackals (D:1)
  A quokka (D:2)
  A frilled lizard (D:1)
  2 kobolds
  A rat (D:1)
19 creatures vanquished.

Notes
Turn   | Place    | Note
-------+----------+-------------------------------------------
     0 | D:1      | Ikesh the Merfolk Skald began the quest for the Orb.
     0 | D:1      | Reached XP level 1. HP: 16/16 MP: 3/3
   293 | D:1      | Reached XP level 2. HP: 22/22 MP: 0/5
   297 | D:1      | Learned a level 2 spell: Song of Slaying
   300 | D:1      | Learned a level 2 spell: Shroud of Golubria
   845 | D:1      | Reached skill level 1 in Armour
   845 | D:1      | Reached XP level 3. HP: 22/28 MP: 1/6
  1120 | D:2      | HP: 1/28 [poisoned by an adder]
  1120 | D:2      | Slain by an adder

Vault maps used:
D:1:      lemuel_arrival_muddy
D:2:      amethyst_overflow_temple_binary

Skill      XL: |  1  2 |
---------------+-------+-----
Armour         | 1 |  1.0
Dodging        | 3 |  3.0
Fighting       | |  2.4
Polearms       | |  3.5
Stealth        | |  0.1
Spellcasting   | |  2.1
Charms         | |  3.8
Translocations | |  0.1

Action                   || total
-------------------------++-------
Melee: Spear             ||    89
 Cast: Infusion          ||     7
       Shroud of Golubri ||     4
       Song of Slaying   ||     3
  Eat: Chunk             ||     1
Armor: Leather armour    ||    17
Dodge: Dodged            ||    46
Block: Buckler           ||     6

Table legend:
 A = Spawn XP
 B = Non-spawn XP
 C = Spawn XP percentage of total XP
 D = Spawn monster count
 E = Non-spawn monster count
 F = Spawn count percentage of total count
 G = Total turns spent on level
                    A         B        C        D         E        F      G
               +---------+---------+-------+---------+---------+-------+---------
         Total |       0 |      50 |   0.0 |       0 |      19 |   0.0 |  1120
               +---------+---------+-------+---------+---------+-------+---------
           D:1 |       0 |      44 |   0.0 |       0 |      16 |   0.0 |   999
           D:2 |       0 |       6 |   0.0 |       0 |       3 |   0.0 |   121
               +---------+---------+-------+---------+---------+-------+---------
